 Dungeon Crawl Stone Soup version 0.23.0-3-gf3c87f2df8 (webtiles) character file.

Game seed: 6905213421084151031

161 Kass the Conjurer (level 5, -1/31 HPs)
             Began as an Octopode Wizard on Feb 22, 2019.
             Slain by a jackal (3 damage)
             ... on level 3 of the Dungeon.
             The game lasted 00:09:25 (2298 turns).

Kass the Conjurer (Octopode Wizard)                 Turns: 2298, Time: 00:09:26

Health: -1/31      AC:  1    Str:  6    XL:     5   Next: 42%
Magic:  1/9        EV: 13    Int: 22    God:
Gold:   136        SH:  0    Dex: 10    Spells: 7/10 levels left

rFire    . . .     SeeInvis .   f - +0 dagger
rCold    . . .     Gourm    .   (no shield)
rNeg     . . .     Faith    .   a - +0 hat
rPois    .         Spirit   .   (no amulet)
rElec    .         Reflect  .   b - ring of protection from magic
rCorr    .         Harm     .   (no ring)
MR       +....                  (no ring)
Stlth    +++.......             (no ring)
HPRegen  0.10/turn              (no ring)
MPRegen  0.11/turn              (no ring)
                                (no ring)
                                (no ring)

@: no status effects
A: almost no armour, stealthy swim, amphibious, 8 rings, constrict 8, camouflage
1, gelatinous body 1
a: no special abilities


You were on level 3 of the Dungeon.
You were hungry.

You visited 1 branch of the dungeon, and saw 3 of its levels.

You collected 136 gold pieces.

Inventory:

Hand Weapons
 f - a +0 dagger (weapon)
Armour
 a - a +0 hat (worn)
Jewellery
 b - a ring of protection from magic (left tentacle)
Scrolls
 d - 3 scrolls of remove curse {unknown}
 g - 2 scrolls of identify {unknown}
 h - a scroll of blinking {unknown}
 l - a scroll of teleportation {unknown}
Potions
 e - a potion of cancellation {unknown}
 i - 2 potions of lignification {unknown}
 j - a potion of haste {unknown}
 m - a potion of magic {unknown}
 n - a potion of heal wounds {unknown}
Comestibles
 c - 6 rations


   Skills:
 - Level 2.0 Dodging
 - Level 2.6 Stealth
 - Level 3.0 Spellcasting
 + Level 5.1 Conjurations
 - Level 1.0 Summonings
   Level 1.0 Translocations


You had 7 spell levels left.
You knew the following spells:

 Your Spells              Type           Power        Failure   Level  Hunger
a - Magic Dart            Conj           ####         1%          1    None
b - Call Imp              Summ           #.......     12%         2    ##.....

Your spell library contained the following spells:

 Spells                   Type           Power        Failure   Level  Hunger
 Blink                    Tloc           N/A          12%         2    ##.....
 Conjure Flame            Conj/Fire      ##......     13%         3    ###....
 Slow                     Hex            #.......     19%         2    ##.....
 Mephitic Cloud           Conj/Pois/Air  ##......     19%         3    ###....


Dungeon Overview and Level Annotations

Branches:
Dungeon (3/15)

Altars:
Cheibriados
Uskayaw


Innate Abilities, Weirdness & Mutations

You cannot wear most types of armour.
You are very stealthy in the water. (Stealth+)
You are amphibious.
You can wear up to eight rings at the same time.
You can use your tentacles to constrict eight enemies at once.
Your skin changes colour to match your surroundings (Stealth+).
Your rubbery body absorbs attacks. (AC +1, EV +1)


Message History

The jackal barely misses you.
You release your grip on the jackal.
The jackal closely misses you. The jackal barely misses you.
There is a stone staircase leading up here.
Found an escape hatch in the floor.
The jackal barely misses you. The jackal barely misses you.
Found a stone staircase leading down.
The jackal barely misses you.
Found a scroll labeled QIW QECWEOC and a scroll labeled BIDWAR PACA.
A dart slug comes into view.
The jackal bites you.
* * * LOW HITPOINT WARNING * * *
Your iron imp disappears in a puff of smoke!
The dart slug launches a dart at you. The slug dart hits you.
* * * LOW HITPOINT WARNING * * *
The jackal closely misses you. The jackal bites you.
You die...

.. ..... ###
..... ..#
.....###.####
#w.........#
#..........#
#?.........# .
#?.........##.#
#.....hh@.....#
#..........####
#.......>..#
#..........#
#######....#####
## ###......## #.
#.####...#######.
#...# #.........
###.## #.........


You could see a dart slug and 2 jackals.

Vanquished Creatures
  2 worms (D:2)
  A leopard gecko (D:1)
  6 bats
  4 giant cockroaches
  5 hobgoblins
  2 jackals (D:3)
  A quokka (D:3)
  A ball python (D:2)
  4 frilled lizards (D:1)
  9 goblins
  6 kobolds
  4 rats
45 creatures vanquished.

Vanquished Creatures (collateral kills)
  Grinder (D:3)
  Robin (D:2)
  5 goblins (D:2)
7 creatures vanquished.

Grand Total: 52 creatures vanquished

Notes
Turn   | Place    | Note
-------+----------+-------------------------------------------
     0 | D:1      | Kass the Octopode Wizard began the quest for the Orb.
     0 | D:1      | Reached XP level 1. HP: 11/11 MP: 4/4
   248 | D:1      | Reached skill level 2 in Conjurations
   248 | D:1      | Reached XP level 2. HP: 14/17 MP: 0/6
   538 | D:1      | Learned a level 2 spell: Call Imp
  1037 | D:2      | Reached XP level 3. HP: 21/21 MP: 3/7
  1192 | D:2      | Reached skill level 3 in Conjurations
  1258 | D:2      | Found a snail-covered altar of Cheibriados.
  1259 | D:2      | Found a hide-covered altar of Uskayaw.
  1615 | D:2      | Identified the +2 helmet "Hoecuira" {Str+4 Stlth+}
  1615 | D:2      | Noticed Robin
  1791 | D:2      | Killed Robin
  2077 | D:3      | Reached XP level 4. HP: 27/27 MP: 2/8
  2079 | D:3      | Noticed Grinder
  2281 | D:3      | Killed Grinder
  2281 | D:3      | Reached skill level 5 in Conjurations
  2281 | D:3      | Reached XP level 5. HP: 12/31 MP: 0/9
  2298 | D:3      | Slain by a jackal

Skill      XL: |  1  2  3  4 |
---------------+-------------+-----
Conjurations   | 2 3 5 |  5.1
Dodging        | |  2.0
Stealth        | |  2.6
Spellcasting   | |  3.0
Summonings     | |  1.0
Translocations | |  1.0

Action                   |  1- 3 |  4- 6 || total
-------------------------+-------+-------++-------
Melee: Unarmed           |     8 |       ||     8
       Constrict         |    12 |     1 ||    13
       Tentacles         |     6 |     1 ||     7
       Dagger            |    37 |     3 ||    40
 Cast: Magic Dart        |    70 |     9 ||    79
       Call Imp          |    10 |     6 ||    16
 Stab: Sleeping          |     4 |       ||     4
  Eat: Chunk             |     4 |       ||     4
Armor: Skin              |     6 |       ||     6
Dodge: Dodged            |    38 |    11 ||    49
